 Dungeon Crawl Stone Soup version 0.28-a0-429-g1448048969 (webtiles) character file.

Game seed: 3126185705056089928

72 robertstho the Sneak (level 4, 0/34 HPs)
             Began as a Djinni Brigand on Sept 10, 2021.
             Slain by a worm (3 damage)
             ... on level 3 of the Dungeon.
             The game lasted 00:03:44 (2690 turns).

robertstho the Sneak (Djinni Brigand)               Turns: 2690, Time: 00:03:45

Health: 0/34       AC:  3    Str: 10    XL:     4   Next: 50%
Gold:   88         EV: 12    Int: 14    God:
                   SH:  0    Dex: 14

rFire   + + .      SeeInvis .   a - +2 dagger
rCold   x . .      Faith    .   (no shield)
rNeg    . . .      Spirit   .   b - +0 robe
rPois   ∞          Reflect  .   (no helmet)
rElec   .          Harm     .   c - +0 cloak
rCorr   .          Rampage  .   (no gloves)
Will    .....                   (boots unavailable)
Stlth   +++.......              (no amulet)
HPRegen 0.11/turn               (no ring)
MPRegen 0.00/turn               (no ring)

@: flying
A: sickness immunity, fire resistance 2, cold vulnerability 1, float, innate
caster, hp casting, extra vitality 1
a: no special abilities


You were on level 3 of the Dungeon.
You visited 1 branch of the dungeon, and saw 3 of its levels.

You collected 88 gold pieces.

Inventory:

Hand Weapons
 a - a +2 dagger (weapon)
Missiles
 d - 6 poisoned darts (quivered)
 e - a curare-tipped dart
Armour
 b - a +0 robe (worn)
 c - a +0 cloak (worn)
Wands
 k - a wand of mindburst (19)
Scrolls
 g - a scroll of amnesia {unknown}
 h - a scroll of teleportation {unknown}
 i - 2 scrolls of noise {unknown}
 j - a scroll of fear {unknown}
 m - a scroll of enchant armour {unknown}
Potions
 f - a potion of degeneration {unknown}
 l - a potion of cancellation {unknown}


   Skills:
 * Level 2.4 Fighting
 + Level 2.2 Short Blades
 + Level 1.7 Throwing
 + Level 1.8 Dodging
 + Level 4.0 Stealth
 * Level 0.4 Spellcasting


You had 2 spell levels left.
You knew the following spells:

 Your Spells              Type           Power      Damage    Failure   Level
a - Shock                 Conj/Air       4%         1d3       24%         1
Your spell library was empty.

Dungeon Overview and Level Annotations

Branches:
Dungeon (3/15)

Altars:


Innate Abilities, Weirdness & Mutations

You are immune to sickness and miasma.
You are immune to poison.
Your flesh is very heat resistant. (rF++)
You are vulnerable to cold. (rC-)
You float through the air rather than walking.
You learn spells naturally, not from books.
Your magical power is your life essence.
You have superior vitality. (+4 HP)


Message History

The worm bites you!
* * * LOW HITPOINT WARNING * * *
You are too injured to fight recklessly!
You are too injured to fight recklessly!
You are too injured to fight recklessly!
You are too injured to fight recklessly!
You are too injured to fight recklessly!
You are too injured to fight recklessly!
You are too injured to fight recklessly!
You are too injured to fight recklessly!
You are too injured to fight recklessly!
You are too injured to fight recklessly!
You are too injured to fight recklessly!
You are too injured to fight recklessly!
You are too injured to fight recklessly!
You are too injured to fight recklessly!
Casting: Shock (safe; 24% risk of failure)
Confirm with . or Enter, or press ? or * to list all spells.
Aiming: Shock (safe; 24% risk of failure)
Press: ? - help, Shift-Dir - straight line, f - worm
Aim: a worm (heavily wounded, 88% to hit)
The zap hits the worm.
The worm is heavily wounded.
* * * LOW HITPOINT WARNING * * *
Casting: Shock (safe; 24% risk of failure)
Confirm with . or Enter, or press ? or * to list all spells.
Aiming: Shock (safe; 24% risk of failure)
Press: ? - help, Shift-Dir - straight line, f/p - worm
Aim: a worm (heavily wounded, 88% to hit)
The zap hits the worm.
The worm is severely wounded.
* * * LOW HITPOINT WARNING * * *
The worm bites you.
* * * LOW HITPOINT WARNING * * *
You hit the worm.
The worm is almost dead.
You barely miss the worm.
The worm is almost dead.
The worm bites you.
You die...

.. #.# #....... #.###
#.#######....... ##....
#............... .....
#...####........
#.##...##.#.# #........
#......!#.#.# #........
#..).#.#.####†######.
#.............<...
#@>..†..........#.
#.....w.#######...##.#.
.........# ######..#
.........# ##.#
........## #.#
#####...# ... #...# ...
#...#


You could see a worm.

Vanquished Creatures
  An adder (D:2)
  5 dart slugs
  An orc (D:3)
  4 bats
  5 endoplasms
  4 giant cockroaches
  A goblin (D:1)
  8 hobgoblins
  2 jackals (D:2)
  4 kobolds
  A quokka (D:1)
  4 ball pythons
  7 frilled lizards
  2 rats (D:1)
49 creatures vanquished.

Vanquished Creatures (others)
  A fungus (D:2)
  A plant (D:2)
2 creatures vanquished.

Grand Total: 51 creatures vanquished

Notes
Turn   | Place    | Note
-------+----------+-------------------------------------------
     0 | D:1      | robertstho the Djinni Brigand began the quest for the Orb.
     0 | D:1      | Reached XP level 1. HP: 18/18 MP: 0/0
   125 | D:1      | Reached XP level 2. HP: 1/23 MP: 0/0
   898 | D:1      | Reached XP level 3. HP: 29/29 MP: 0/0
   898 | D:1      | Learned a level 1 spell: Shock
  1952 | D:2      | Reached XP level 4. HP: 13/34 MP: 0/0
  1962 | D:2      | Reached skill level 4 in Stealth
  2401 | D:2      | Found a faded altar of an unknown god.
  2690 | D:3      | Slain by a worm

Illustrated notes

Levels and vault maps discovered:
D:1:      saegor_arrival_simple_e, layout_basic, st_stairs_11
D:2:      layout_rooms, shapermc_ecumenical_altar_petra
D:3:      layout_basic, bh_walls_and_bars

Skill      XL: |  1  2  3  4 |
---------------+-------------+-----
Short Blades   | 2 |  2.2
Stealth        | 4 |  4.0
Fighting       | |  2.4
Throwing       | |  1.7
Dodging        | |  1.8
Spellcasting   | |  0.4

Action                   |  1- 3 |  4- 6 || total
-------------------------+-------+-------++-------
Melee: Dagger            |   112 |    43 ||   155
Throw: Dart              |    15 |       ||    15
 Cast: Shock             |     2 |     2 ||     4
 Stab: Sleeping          |     7 |     4 ||    11
Armor: Robe              |    29 |     4 ||    33
Dodge: Dodged            |    98 |     9 ||   107

Table legend: (Time is in decaauts)
 A = Elapsed time spent in this place.
 B = Non-inter-level travel time spent in this place.
 C = Inter-level travel time spent in this place.
 D = Time resting spent in this place.
 E = Time spent auto-exploring this place.
 F = Levels seen in this place.
 G = Mean time per level.
                   A        B        C        D        E       F      G
               +--------+--------+--------+--------+--------+-----+--------+
         Total |   2672 |   2583 |     89 |      0 |   2184 |   3 |  890.7 |
       Dungeon |   2672 |   2583 |     89 |      0 |   2184 |   3 |  890.7 |
               +--------+--------+--------+--------+--------+-----+--------+

Top non-repeatable levels by time:
     D:1: 1359 daAuts
     D:2: 1068 daAuts
     D:3: 244 daAuts
